 Dungeon Crawl Stone Soup version 0.30-a0-639-g3916f1956a (webtiles) character file.

Game seed: 8493087170335444570

3651 wormed the Transmogrifier (level 10, -1/74 HPs)
             Began as an Octopode Transmuter on Jan 16, 2023.
             Was an Initiate of Gozag.
             Slain by a two-headed ogre
             ... wielding a +0 giant club
              (25 damage)
             ... on level 9 of the Dungeon.
             The game lasted 00:15:21 (9055 turns).

wormed the Transmogrifier (Octopode Transmuter)     Turns: 9055, Time: 00:15:22

Health: -1/74      AC:  9    Str:  7    XL:     10   Next: 12%
Magic:  25/29      EV: 10    Int: 23    God:    Gozag
Gold:   470        SH:  0    Dex: 12    Spells: 9/22 levels left

rFire   x . .      SeeInvis .      - Unarmed
rCold   + + +      Faith    .    (shield currently unavailable)
rNeg    . . .      Spirit   .    (helmet currently unavailable)
rPois   +          Reflect  .    (no amulet)
rElec   .          Harm     .    g - ring of magical power
rCorr   .          Rampage  .    o - ring of protection from cold
Will    .....                    (no ring)
Stlth   +                        (no ring)
HPRegen 0.32/turn                (no ring)
MPRegen 0.21/turn                (no ring)
                                 (no ring)
                                 (no ring)

@: ice-form, wereblooded
A: freezing attack, boosted hp, almost no armour, amphibious, 8 rings, large,
(camouflage 1), (gelatinous body 1), (nimble swimmer 1), (tentacles), clever 1,
weak 1
a: End Transformation, Renounce Religion, Potion Petition, Call Merchant, Bribe
Branch


You were on level 9 of the Dungeon.
You worshipped Gozag.
Gozag was aware of your devotion.
You were a creature of crystalline ice.
You visited 2 branches of the dungeon, and saw 10 of its levels.
You also visited: Ossuary.

You collected 1706 gold pieces.
You paid 1236 gold pieces to Gozag.

Inventory:

Magical Staves
 h - a staff of air
Jewellery
 g - a ring of magical power (left front paw)
 i - an amulet of faith
 o - a ring of protection from cold (right front paw)
 q - an amulet of reflection
Wands
 r - a wand of flame (28) (quivered)
 t - a wand of charming (7)
 u - a wand of light (13)
Scrolls
 a - 2 scrolls of identify
 c - 6 scrolls of teleportation
 k - 2 scrolls of amnesia
 s - a scroll of magic mapping
Potions
 b - a potion of might
 d - 4 potions of magic
 e - 4 potions of flight
 f - 2 potions of attraction
 j - 2 potions of haste
 l - 3 potions of invisibility
 m - a potion of cancellation
 n - a potion of curing
 p - a potion of brilliance


   Skills:
 - Level 2.8 Fighting
 - Level 3.2 Dodging
 - Level 3.9 Unarmed Combat
 + Level 6.9 Spellcasting
 * Level 10.6 Transmutations
 - Level 4.0 Ice Magic


You had 9 spell levels left.
You knew the following spells:

 Your Spells              Type           Power      Damage    Failure   Level
a - Ice Form              Ice/Tmut       41%        N/A       3%          4
b - Wereblood             Tmut           54%        N/A       1%          2
c - Dragon Form           Tmut           27%        N/A       63%         7

Your spell library contained the following spells:

 Spells                   Type           Power      Damage    Failure   Level
 Beastly Appendage        Tmut           100%       N/A       1%          1
 Freeze                   Ice            100%       1d10      1%          1
 Passwall                 Tmut/Erth      26%        N/A       1%          2
 Spider Form              Tmut/Pois      32%        N/A       2%          3
 Blade Hands              Tmut           27%        N/A       2%          5
 Frozen Ramparts          Ice            52%        1d8       4%          3
 Ozocubu's Armour         Ice            26%        N/A       4%          3
 Magic Dart               Conj           32%        1d4       8%          1
 Sandblast                Erth           16%        2d6       8%          1
 Summon Small Mammal      Summ           32%        N/A       8%          1
 Hailstorm                Conj/Ice       17%        3d6       11%         3
 Cigotuvi's Dreadful Rot  Necr/Pois/Air  16%        N/A       12%         2
 Momentum Strike          Conj/Tloc      16%        3d8       12%         2
 Call Canine Familiar     Summ           8%         N/A       24%         3
 Gell's Gravitas          Tloc           8%         N/A       24%         3
 Stone Arrow              Conj/Erth      16%        3d8       24%         3
 Summon Guardian Golem    Hex/Summ       8%         N/A       24%         3
 Teleport Other           Tloc           8%         N/A       24%         3
 Tukima's Dance           Hex            8%         N/A       24%         3
 Yara's Violent Unravell  Hex/Tmut       16%        3d8       24%         5
 Summon Ice Beast         Ice/Summ       17%        N/A       34%         4
 Dispel Undead            Necr           8%         3d8       61%         4
 Passage of Golubria      Tloc           8%         N/A       61%         4
 Metabolic Englaciation   Hex/Ice        8%         N/A       67%         5
 Summon Mana Viper        Hex/Summ       8%         N/A       91%         5
 Death Channel            Necr           4%         N/A       100%        6
 Dispersal                Tloc           4%         N/A       100%        6
 Iron Shot                Conj/Erth      4%         9d2       100%        6
 Starburst                Conj/Fire      4%         6d3       100%        6
 Monstrous Menagerie      Summ           4%         N/A       100%        7
 Chain Lightning          Conj/Air       4%         3d5       100%        9
 Fire Storm               Conj/Fire      4%         8d1       100%        9
 Animate Armour           Summ/Erth      Unusable   N/A       N/A         4
 Simulacrum               Ice/Necr       Unusable   N/A       N/A         6

Dungeon Overview and Level Annotations

Branches:
Dungeon (9/15)             Temple (1/1) D:7         Ossuary (visited)
   Lair: D:8-11         Orc: D:9-12

Altars:
Ashenzari
Gozag
Kikubaaqudgha
Ru
Sif Muna
Uskayaw
Wu Jian

Shops:
D:6 :[   D:7 :   D:8 ?   D:9 !


Innate Abilities, Weirdness & Mutations

You are a creature of crystalline ice.
You have a powerful freezing melee attack.
Your maximum health is increased.
Your armour is entirely melded.
You are incapable of wielding weapons or throwing items.
You cannot wear most types of armour.
You are amphibious.
You can wear up to eight rings at the same time.
((Your skin changes colour to match your surroundings (Stealth+).))
((Your rubbery body absorbs attacks. (AC +1, EV +1)))
((You are camouflaged when in or above water. (Stealth+)))
((You have tentacles for arms and can constrict up to eight enemies at once.))
Your mind is acute. (Int +4, Str/Dex -1)
You are weak. (Str -2)


Message History

Aiming: Throw Flame
Press: ? - help, Q - select action, (/) - cycle Shift-Dir - straight line, f/p - two-headed ogre
Aim: a two-headed ogre, wielding a +0 giant club and a +0 giant spiked club (85% to hit)
The puff of flame hits the two-headed ogre.
The two-headed ogre is lightly wounded.
Aiming: Throw Flame
Press: ? - help, Q - select action, (/) - cycle Shift-Dir - straight line, f/p - two-headed ogre
Aim: a two-headed ogre, wielding a +0 giant club and a +0 giant spiked club (lightly wounded, 85% to hit)
The puff of flame hits the two-headed ogre.
The two-headed ogre is lightly wounded.
You hit the two-headed ogre. You freeze the two-headed ogre.
The two-headed ogre is moderately wounded.
The two-headed ogre hits you with a +0 giant club.
The two-headed ogre hits you with a +0 giant spiked club!
You punch the two-headed ogre! You freeze the two-headed ogre.
The two-headed ogre is heavily wounded.
The two-headed ogre barely misses you.
The two-headed ogre hits you with a +0 giant spiked club.
You punch the two-headed ogre! You freeze the two-headed ogre.
The two-headed ogre is severely wounded.
The goblin hits you but does no damage.
You hit the two-headed ogre but do no damage.
The two-headed ogre is severely wounded.
The two-headed ogre hits you with a +0 giant club!
The two-headed ogre hits you with a +0 giant spiked club!
You hit the two-headed ogre. You freeze the two-headed ogre.
The two-headed ogre is severely wounded.
The goblin hits you with a +0 hand axe.
The two-headed ogre hits you with a +0 giant club.
The two-headed ogre hits you with a +0 giant spiked club!
You barely miss the two-headed ogre.
The two-headed ogre is severely wounded.
The goblin hits you but does no damage.
You punch the two-headed ogre! You freeze the two-headed ogre.
The two-headed ogre is almost dead.
The portcullis has been lowered almost to the ground.
The goblin hits you but does no damage. The two-headed ogre closely misses you.
The two-headed ogre hits you with a +0 giant spiked club!!
You die...
Your body crumbles into a pile of gold.

.>..........' #....'
............# #....#
............# #... #
............# .. #....#
..........####'####...#
........#.....###...#
#......#............
#.gO...#............
#..Y...#............
#......#............
#......#............
#......##'######'###
####................
#................
#................
#................
#................


You could see a two-headed ogre and a goblin.

Vanquished Creatures
  3 yaks (D:9)
  Eustachio (D:6)
  3 water moccasins
  2 acid dragons
  A sky beast (D:7)
  An ogre (D:6)
  A black bear (D:6)
  2 phantoms
  3 kobold brigands
  2 bullfrogs
  Blork the orc (D:6)
  3 scorpions
  8 wights
  2 howler monkeys
  2 centaur zombies (Ossuary)
  4 electric eels (D:8)
  3 hounds
  5 jellies
  Crazy Yiuf (D:6)
  Natasha (thrice) (D:4)
  3 human zombies (Ossuary)
  2 iguanas
  4 orc wizards
  Robin (D:2)
  2 mummies (Ossuary)
  4 adders
  2 shadow imps
  A white imp (D:5)
  3 adder zombies (Ossuary)
  4 worms
  4 dart slugs
  16 orcs
  7 ball pythons
  15 endoplasms
  3 giant cockroaches
  11 hobgoblins
  6 jackals
  2 quokkas
  3 bats
  9 frilled lizards
  4 goblins
  A goblin zombie (Ossuary)
  8 hobgoblin zombies (Ossuary)
  A jackal zombie (Ossuary)
  21 kobolds
  10 kobold zombies (Ossuary)
  8 orc zombies (Ossuary)
  7 rats
213 creatures vanquished.

Vanquished Creatures (others)
  4 fungi (D:3)
  4 plants (D:5)
  9 toadstools (D:3)
17 creatures vanquished.

Grand Total: 230 creatures vanquished

Notes
Turn   | Place    | Note
-------+----------+-------------------------------------------
     0 | D:1      | wormed the Octopode Transmuter began the quest for the Orb.
     0 | D:1      | Reached XP level 1. HP: 13/13 MP: 3/3
   139 | D:1      | Reached XP level 2. HP: 14/18 MP: 3/5
   145 | D:1      | Learned a level 2 spell: Wereblood
   507 | D:2      | Noticed Robin
   512 | D:2      | Reached XP level 3. HP: 23/23 MP: 6/6
   516 | D:2      | Killed Robin
   974 | D:2      | Reached skill level 1 in Ice Magic
   974 | D:2      | Reached XP level 4. HP: 15/29 MP: 7/7
  1301 | D:2      | Reached skill level 3 in Transmutations
  1802 | D:2      | Identified a scroll of acquirement
  1802 | D:2      | Acquired the Opusculum on Evolved Damage
  1811 | D:2      | Learned a level 4 spell: Ice Form
  1841 | D:3      | Found a faded altar of an unknown god.
  2390 | D:3      | Reached XP level 5. HP: 33/34 MP: 8/8
  2623 | D:3      | Gained mutation: You occasionally lose the ability to read
                  | scrolls when taking damage. [mutagenic glow]
  2850 | D:4      | Reached XP level 6. HP: 40/40 MP: 7/9
  3187 | D:4      | Noticed Natasha
  3198 | D:4      | Killed Natasha
  3199 | D:4      | Reached skill level 4 in Transmutations
  3678 | D:4      | Noticed Natasha
  3684 | D:4      | Killed Natasha
  3685 | D:4      | Reached XP level 7. HP: 45/45 MP: 11/11
  3692 | D:4      | Acquired 1047 gold pieces
  4095 | D:4      | Noticed Natasha
  4102 | D:4      | Killed Natasha
  4254 | D:5      | Entered Level 5 of the Dungeon
  4378 | D:5      | Gained mutation: You are weak. (Str -2) [mutagenic glow]
  4384 | D:5      | Reached skill level 5 in Transmutations
  4395 | D:5      | Gained mutation: You are dopey. (Int -2) [mutagenic glow]
  4599 | D:5      | Found a sand-covered staircase.
  4608 | Ossuary  | Entered an ossuary
  4852 | Ossuary  | Reached XP level 8. HP: 34/51 MP: 9/13
  5418 | D:6      | Found Wunnois's Book Boutique.
  5423 | D:6      | Found Juluhicy's Armour Emporium.
  5436 | D:6      | Reached skill level 6 in Transmutations
  5710 | D:6      | Noticed Blork the orc
  5722 | D:6      | Killed Blork the orc
  5906 | D:6      | Reached skill level 7 in Transmutations
  5939 | D:6      | Noticed Eustachio
  5952 | D:6      | Killed Eustachio
  6079 | D:6      | Found a runed translucent door.
  6080 | D:6      | Noticed Crazy Yiuf
  6371 | D:6      | Killed Crazy Yiuf
  6439 | D:6      | Lost mutation: You are dopey. (Int -2) [potion of mutation]
  6439 | D:6      | Lost mutation: You occasionally lose the ability to read
                  | scrolls when taking damage. [potion of mutation]
  6439 | D:6      | Gained mutation: Your mind is acute. (Int +4, Str/Dex -1)
                  | [potion of mutation]
  6593 | D:6      | Learned a level 7 spell: Dragon Form
  6601 | D:7      | Reached skill level 5 in Spellcasting
  6603 | D:7      | Reached XP level 9. HP: 55/55 MP: 16/16
  6635 | D:7      | Reached skill level 8 in Transmutations
  7256 | D:7      | Found a staircase to the Ecumenical Temple.
  7280 | Temple   | Entered the Ecumenical Temple
  7286 | Temple   | Became a worshipper of Gozag Ym Sagoz the Greedy
  7529 | D:8      | Found a hide-covered altar of Uskayaw.
  7618 | D:8      | Reached skill level 9 in Transmutations
  7754 | D:8      | Noticed a cyclops
  8771 | D:9      | Reached skill level 10 in Transmutations
  8837 | D:9      | Found Soretum's Distillery.
  8864 | D:9      | Reached XP level 10. HP: 62/62 MP: 19/19
  9042 | D:9      | Noticed a two-headed ogre
  9055 | D:9      | Slain by a two-headed ogre

Illustrated notes

Levels and vault maps discovered:
D:1:      eino_arrival_druids_welcome, layout_rooms, minmay_domino_2
D:2:      wad_lake_hut, layout_basic, uniq_robin
D:3:      cheibrodos_fertilizer, layout_basic, cheibrodos_sewer_entry_bend,
          ebering_ecumenical_altar_abandoned
D:4:      layout_cave_pods, uniq_natasha
D:5:      layout_cave_pools, nicolae_ossuary_entry_ruins, minmay_lizard_king
D:6:      layout_basic, serial_shops, nicolae_diamond_shop, shop,
          uniq_crazy_yiuf_cottage, uniq_blork_the_orc, uniq_eustachio
D:7:      layout_rooms, temple_green
D:8:      layout_basic, lemuel_round_altar, minivault_14,
          nicolae_fountain_basement
D:9:      layout_gridville, enter_bailey_3, serial_shops, nicolae_shop_trees
Temple:   hellmonk_temple_of_storms

Skill      XL: |  1  2  3  4  5  6  7  8  9 |
---------------+----------------------------+-----
Ice Magic      | 1 2 3 4 |  4.0
Transmutations | 3 4 5 7 10 | 10.6
Fighting       | 2 |  2.8
Dodging        | 3 |  3.2
Spellcasting   | 3 5 6 |  6.9
Unarmed Combat | |  3.9

Action                   |  1- 3 |  4- 6 |  7- 9 | 10-12 || total
-------------------------+-------+-------+-------+-------++-------
Melee: Unarmed           |    64 |   116 |   343 |    25 ||   548
       Constrict         |    26 |    11 |    12 |       ||    49
       Kick              |    26 |     4 |       |       ||    30
       Tentacles         |    17 |    17 |     8 |       ||    42
       Punch             |     4 |     4 |     1 |       ||     9
       Staff             |    17 |     3 |       |       ||    20
 Cast: Beastly Appendage |    14 |     5 |       |       ||    19
       Wereblood         |     6 |    17 |    23 |     2 ||    48
       Ice Form          |       |    15 |    34 |     2 ||    51
Invok: Call Merchant     |       |       |     2 |       ||     2
Evoke: Wand              |       |       |     6 |     3 ||     9
  Use: Scroll            |     3 |     6 |    13 |       ||    22
       Potion            |       |       |    10 |       ||    10
 Stab: Sleeping          |     3 |     3 |       |       ||     6
Armor: Skin              |    13 |    12 |   124 |    11 ||   160
Dodge: Dodged            |    49 |    37 |   198 |    10 ||   294

Table legend: (Time is in decaauts)
 A = Elapsed time spent in this place.
 B = Non-inter-level travel time spent in this place.
 C = Inter-level travel time spent in this place.
 D = Time resting spent in this place.
 E = Time spent auto-exploring this place.
 F = Levels seen in this place.
 G = Mean time per level.
                   A        B        C        D        E       F      G
               +--------+--------+--------+--------+--------+-----+--------+
         Total |   8973 |   8795 |    178 |    100 |   7091 |  11 |  815.7 |
       Dungeon |   8566 |   8388 |    178 |    100 |   6850 |   9 |  951.8 |
        Temple |     11 |     11 |      0 |      0 |      0 |   1 |   11.0 |
       Ossuary |    394 |    394 |      0 |      0 |    241 |   1 |  394.0 |
               +--------+--------+--------+--------+--------+-----+--------+

Top non-repeatable levels by time:
     D:4: 1326 daAuts
     D:2: 1309 daAuts
     D:6: 1279 daAuts
     D:8: 1111 daAuts
     D:3: 1106 daAuts
     D:7: 924 daAuts
     D:5: 634 daAuts
     D:1: 502 daAuts
 Ossuary: 394 daAuts
     D:9: 371 daAuts
  Temple: 11 daAuts
